 Dungeon Crawl Stone Soup version 0.24.0-13-gcf9b3192b9 (webtiles) character file.

Game seed: 13963498573189080151, levelgen mode: deterministic

10866 OleJ the Covert (level 11, -3/47 HPs)
             Began as a Spriggan Fire Elementalist on Nov 6, 2019.
             Was a Believer of Vehumet.
             Shot with an arrow by a centaur (19 damage)
             ... on level 11 of the Dungeon.
             The game lasted 00:47:01 (10949 turns).

OleJ the Covert (Spriggan Fire Elementalist)       Turns: 10949, Time: 00:47:02

Health: -3/47      AC:  4    Str:  7    XL:     11   Next: 41%
Magic:  5/26       EV: 23    Int: 20    God:    Vehumet [**....]
Gold:   800        SH:  0    Dex: 19    Spells: 20/31 levels left

rFire    x . .     SeeInvis +   O - staff of wizardry
rCold    + . .     Gourm    .   (shield currently unavailable)
rNeg     . . .     Faith    .   y - +1 robe "Qodduimn" {Regen+ Str+3 Stlth+}
rPois    .         Spirit   .   (helmet restricted)
rElec    .         Reflect  .   x - +0 cloak
rCorr    .         Harm     .   (gloves unavailable)
MR       +....                  (boots unavailable)
Stlth    +++++++...             b - amulet of the acrobat
HPRegen  0.55/turn              s - ring of ice
MPRegen  0.20/turn              (no ring)

@: very quick
A: very small, unfitting armour, see invisible, agile 1, herbivore, speed 3,
slow metabolism 2, wild magic 1
a: Renounce Religion


You were on level 11 of the Dungeon.
You worshipped Vehumet.
Vehumet was pleased with you.
You were not hungry.

You visited 2 branches of the dungeon, and saw 12 of its levels.

You collected 800 gold pieces.

Inventory:

Hand Weapons
 j - the +9 staff of Olgreb {rPois}
   (You found it on level 5 of the Dungeon)

   It protects you from poison.
 k - a +1 whip of electrocution
Missiles
 f - 36 poisoned darts (quivered)
Armour
 a - a +0 robe
 x - a +0 cloak (worn)
 y - the +1 robe "Qodduimn" (worn) {Regen+ Str+3 Stlth+}
   (You found it on level 7 of the Dungeon)

   It affects your strength (+3).
   It increases your rate of regeneration.
   It makes you more stealthy.
Magical Staves
 O - an uncursed staff of wizardry (weapon)
Jewellery
 b - an amulet of the acrobat (around neck)
 s - a ring of ice (left hand)
Wands
 v - a wand of acid (4)
 A - a wand of enslavement (12)
 G - a wand of flame (30)
Scrolls
 e - 3 scrolls of identify
 g - 6 scrolls of remove curse
 h - 2 scrolls of immolation
 i - a scroll of fog {unknown}
 p - a scroll of magic mapping
 r - 2 scrolls of fear {unknown}
 u - a scroll of enchant armour {unknown}
 C - 3 scrolls of enchant weapon {unknown}
 D - 4 scrolls of amnesia
 F - 6 scrolls of teleportation
 I - a scroll of vulnerability {unknown}
 J - a scroll of brand weapon {unknown}
 K - 2 scrolls of random uselessness {unknown}
Potions
 d - 3 potions of degeneration
 l - a potion of brilliance
 m - 4 potions of berserk rage
 n - a potion of flight
 o - 2 potions of resistance
 q - a potion of magic {unknown}
 t - a potion of lignification
 w - 2 potions of mutation
 z - a potion of haste
 B - a potion of cancellation
 E - a potion of curing
 H - 2 potions of heal wounds {unknown}
 L - a potion of ambrosia {unknown}
 M - a potion of agility {unknown}
 N - 2 potions of might {unknown}
Miscellaneous
 P - a sack of spiders
Comestibles
 c - 18 rations


   Skills:
 - Level 7.0 Dodging
 + Level 13.5 Stealth
 + Level 10.8 Spellcasting
 + Level 6.7 Conjurations
 + Level 7.9 Fire Magic


You had 20 spell levels left.
You knew the following spells:

 Your Spells              Type           Power        Failure   Level  Hunger
a - Flame Tongue          Conj/Fire      #####        1%          1    None
b - Throw Flame           Conj/Fire      ######       1%          2    None
c - Conjure Flame         Conj/Fire      ######..     1%          3    None
d - Fireball              Conj/Fire      ######....   5%          5    ####...

Your spell library contained the following spells:

 Spells                   Type           Power        Failure   Level  Hunger
 Throw Frost              Conj/Ice       #####.       1%          2    None
 Inner Flame              Hex/Fire       ####....     2%          3    None
 Sticky Flame             Conj/Fire      ######..     2%          4    ##.....
 Mephitic Cloud           Conj/Pois/Air  ####....     4%          3    None
 Poisonous Vapours        Pois/Air       ##....       6%          2    None
 Freezing Cloud           Conj/Ice/Air   #####.....   85%         6    ######.
 Ring of Flames           Chrm/Fire      ####......   99%         7    #######


Dungeon Overview and Level Annotations

Branches:
Dungeon (11/15)            Temple (1/1) D:4            Lair (0/6) D:9
    Orc (0/2) D:10

Altars:
Ashenzari
Cheibriados
Fedhas
Hepliaklqana
Sif Muna
Trog
Uskayaw
Vehumet
Wu Jian
Xom
Yredelemnul
The Shining One

Shops:
D:7 ([[   D:9 :

Annotations:
D:5 1 runed translucent door
D:6 1 runed translucent door, Iamsoldier's ghost, novice GrFi


Innate Abilities, Weirdness & Mutations

You are very small and have problems with some larger weapons.
You are too small for most types of armour.
You have supernaturally acute eyesight. (SInv)
You are a herbivore.
You cover ground extremely quickly.
You need to consume almost no food.
You are agile. (Dex +2)
Your spells are a little harder to cast, but a little more powerful.


Message History

Press: ? - help, Shift-Dir - straight line, f/p - centaur
Aim: a centaur, wielding a +0 shortbow (moderately wounded)
The puff of flame hits the centaur!
The centaur is heavily wounded.
The centaur shoots an arrow.
The arrow hits you!
The centaur unwields a +3 trident.
The centaur wields a +0 shortbow.
The centaur shoots an arrow.
The arrow hits you!
The centaur unwields a +0 shortbow.
The centaur wields a +0 club.
The centaur closely misses you.
Casting: Throw Flame (safe; 1% risk of failure)
Confirm with . or Enter, or press ? or * to list all spells.
Aiming: Flame Tongue (safe; 1% risk of failure)
Press: ? - help, Shift-Dir - straight line, f/p - centaur
Aim: a centaur, wielding a +0 club (heavily wounded)
The flame tongue misses the centaur.
The centaur shoots an arrow.
The arrow barely misses you. The centaur misses you.
You hit the centaur but do no damage.
The centaur is heavily wounded.
The centaur shoots an arrow.
The arrow hits you!!
You die...

##..........######....#...?.
##....†<.#.#...............
#####)###........)..).)(..
#..###................ ##.#
#.#####..#......( #.# #.#
#...##.....
#.###.####..#.......(
#..((...##.####......
####@##.##.####......
######c.#.##......#....
#.....#.......#####.<.#
#..............##
........c.......#
................#
.......>.c........
.........(......##
........c.......#


You could see 3 centaurs.

Vanquished Creatures
  Harold (D:9)
  2 two-headed ogres
  An ugly thing (D:11)
  A guardian serpent (D:9)
  Psyche (D:8)
  2 trolls (D:11)
  A hippogriff (D:8)
  9 yaks
  Grum (D:8)
  4 soldier ants (D:5)
  3 water moccasins (D:5)
  2 phantoms
  5 ice beasts
  A black bear (D:9)
  3 orc warriors
  2 sky beasts
  A necrophage (D:8)
  2 wolves (D:8)
  6 centaurs
  6 ogres
  7 bullfrogs
  A water moccasin skeleton (D:8)
  2 scorpions
  7 killer bees (D:5)
  3 wights (D:10)
  A howler monkey (D:5)
  3 crimson imps
  7 hounds
  5 jellies
  9 orc wizards
  3 orc priests
  A bullfrog skeleton (D:8)
  A centaur skeleton (D:4)
  2 iguanas
  15 worker ants
  A hound zombie (D:8)
  3 hound skeletons
  A worker ant zombie (D:5)
  A gnoll (D:5)
  17 adders
  A shadow imp (D:5)
  2 oozes
  3 adder skeletons
  3 worms
  4 dart slugs
  7 leopard geckos
  26 orcs
  7 ball pythons (D:2)
  7 giant cockroaches
  10 goblins
  12 hobgoblins
  6 jackals
  7 kobolds
  4 quokkas
  7 bats
  4 frilled lizards
  A leopard gecko skeleton (D:4)
  4 rats
259 creatures vanquished.

Notes
Turn   | Place    | Note
-------+----------+-------------------------------------------
     0 | D:1      | OleJ the Spriggan Fire Elementalist began the quest for the
                  | Orb.
     0 | D:1      | Reached XP level 1. HP: 9/9 MP: 5/5
   162 | D:1      | Reached XP level 2. HP: 11/13 MP: 4/6
   314 | D:1      | Reached skill level 1 in Conjurations
   393 | D:1      | Reached XP level 3. HP: 12/16 MP: 0/8
  1363 | D:2      | Reached skill level 4 in Stealth
  1375 | D:2      | Reached XP level 4. HP: 21/21 MP: 10/10
  1613 | D:3      | Found a blossoming altar of Fedhas.
  1711 | D:2      | Reached XP level 5. HP: 6/24 MP: 5/11
  2443 | D:3      | Reached skill level 5 in Stealth
  2890 | D:4      | Learned a level 2 spell: Throw Flame
  2949 | D:4      | Found a bloodstained altar of Trog.
  2949 | D:4      | Found a shimmering blue altar of Sif Muna.
  3034 | D:4      | You fall into a shaft and drop 2 floors!
  3056 | D:6      | Reached XP level 6. HP: 28/28 MP: 0/13
  3107 | D:6      | Reached skill level 5 in Dodging
  3220 | D:5      | Entered Level 5 of the Dungeon
  3220 | D:5      | Noticed a soldier ant
  3220 | D:5      | Noticed a soldier ant
  3225 | D:5      | Noticed a soldier ant
  3231 | D:5      | Found a runed translucent door.
  3288 | D:5      | Found the +9 staff of Olgreb {rPois}
  3293 | D:5      | Found a runed translucent door.
  3327 | D:5      | Found an ornate altar of the Wu Jian Council.
  3362 | D:5      | Noticed a water moccasin
  3362 | D:5      | Noticed a water moccasin
  3363 | D:5      | Found a runed translucent gate.
  3363 | D:5      | Found a runed translucent gate.
  3363 | D:5      | Noticed a water moccasin
  3459 | D:5      | Reached skill level 6 in Stealth
  3543 | D:5      | Found a runed translucent gate.
  3544 | D:5      | Noticed a soldier ant
  3628 | D:5      | Reached XP level 7. HP: 32/32 MP: 10/15
  3713 | D:5      | Found a hazy altar of Hepliaklqana.
  3808 | D:5      | Reached skill level 5 in Spellcasting
  4091 | D:5      | Reached skill level 7 in Stealth
  4124 | D:5      | Reached XP level 8. HP: 30/36 MP: 2/17
  4398 | D:5      | Reached skill level 8 in Stealth
  4566 | D:5      | HP: 1/36 [killer bee (6)]
  4583 | D:5      | Gained mutation: You are agile. (Dex +2) [potion of
                  | mutation]
  4583 | D:5      | Gained mutation: Your spells are a little harder to cast,
                  | but a little more powerful. [potion of mutation]
  4634 | D:5      | Learned a level 3 spell: Conjure Flame
  5123 | D:6      | Reached skill level 5 in Fire Magic
  5182 | D:6      | Found a runed translucent door.
  5183 | D:6      | Found a shimmering altar of Xom.
  5183 | D:6      | Noticed Iamsoldier's ghost (novice GrFi)
  5184 | D:6      | Noticed a +5 mace of chaos
  5267 | D:6      | Reached skill level 9 in Stealth
  5267 | D:6      | Reached XP level 9. HP: 35/39 MP: 0/20
  5464 | D:6      | Found a shattered altar of Ashenzari.
  5776 | D:7      | Got a sheer robe
  5787 | D:7      | Identified the cursed +1 robe "Qodduimn" {Regen+ Str+3
                  | Stlth+} (You found it on level 7 of the Dungeon)
  5814 | D:7      | Found Xysujigh's Antique Armour Shop.
  5840 | D:7      | Found Kodghif's Antique Armour Emporium.
  5881 | D:7      | Found Sereniz's Antique Weapon Shoppe.
  6130 | D:7      | Reached skill level 10 in Stealth
  6825 | D:4      | Found a hide-covered altar of Uskayaw.
  7007 | D:4      | Found a staircase to the Ecumenical Temple.
  7093 | D:4      | Reached skill level 5 in Conjurations
  7128 | Temple   | Entered the Ecumenical Temple
  7152 | Temple   | Became a worshipper of Vehumet
  7661 | D:8      | Reached skill level 11 in Stealth
  7661 | D:8      | Reached XP level 10. HP: 33/44 MP: 8/23
  7695 | D:8      | Noticed a two-headed ogre
  7764 | D:8      | Killed a two-headed ogre
  8095 | D:8      | Reached * piety under Vehumet
  8095 | D:8      | Offered knowledge of Magic Dart by Vehumet.
  8195 | D:8      | Noticed Grum
  8234 | D:8      | Killed Grum
  8333 | D:8      | Reached skill level 12 in Stealth
  8349 | D:8      | Noticed Psyche
  8357 | D:8      | Killed Psyche
  8782 | D:9      | Found a staircase to the Lair.
  8859 | D:9      | Reached skill level 10 in Spellcasting
  8942 | D:9      | Noticed Harold
  9050 | D:9      | Reached ** piety under Vehumet
  9050 | D:9      | Offered knowledge of Throw Frost by Vehumet.
  9084 | D:9      | Killed Harold
  9084 | D:9      | Reached XP level 11. HP: 36/47 MP: 2/26
  9178 | D:9      | Found Wukh's Book Boutique.
  9459 | D:9      | Found a glowing golden altar of the Shining One.
  9625 | D:10     | Entered Level 10 of the Dungeon
  9729 | D:10     | Found a staircase to the Orcish Mines.
  9753 | D:10     | Reached skill level 13 in Stealth
  9877 | D:10     | Noticed a two-headed ogre
  9909 | D:10     | Killed a two-headed ogre
 10527 | D:10     | Learned a level 5 spell: Fireball
 10660 | D:11     | Noticed a green ugly thing
 10812 | D:11     | Killed a green ugly thing
 10949 | D:11     | Shot with an arrow by a centaur

Levels and vault maps discovered:
D:1:      eino_arrival_water_star, layout_loops_ring
D:2:      kennysheep_six_static_rooms, layout_loops_ring, minmay_snake_closets
D:3:      layout_loops_cross, st_stairs_9, fedhas_altar_fruit_tree
D:4:      layout_loops_corners, eat_drink_and_be_merry_uskayaw,
          gammafunk_temple_overflow_statue,
          minmay_temple_entry_statues_fountains, kennysheep_generic_room_13
D:5:      layout_rooms, lemuel_doored_altar, lemuel_coloured_pillars_altar,
          first_ration, dk_noncrumbling_2, st_stairs_1,
          minmay_guarded_unrand_staff_of_olgreb
D:6:      layout_basic, lemuel_round_altar, ebering_ghost_xom
D:7:      layout_cave_pods, serial_shops, nicolae_shop_window_shopping,
          shop_statue, shop
D:8:      layout_gridville, uniq_grum, uniq_psyche
D:9:      layout_small_grid, tso_altar, lair_entry_dummy, serial_shops,
          shop_coins, nrook_guardian_serpent_ordinary, uniq_harold
D:10:     layout_cave_pods, orc_0_dummy, grunt_ogre_cave
D:11:     layout_rooms, nicolae_looking_at_the_future
Temple:   bh_familiar_temple

Skill      XL: |  1  2  3  4  5  6  7  8  9 10 11 |
---------------+----------------------------------+-----
Spellcasting   | 3 4 5 7 8 10 | 10.8
Conjurations   | 1 2 3 4 5 6 |  6.7
Stealth        | 4 5 6 7 9 11 12 13 | 13.5
Dodging        | 4 5 6 7 |  7.0
Fire Magic     | 3 4 5 6 7 |  7.9

Action                   |  1- 3 |  4- 6 |  7- 9 | 10-12 || total
-------------------------+-------+-------+-------+-------++-------
Melee: Unarmed           |     5 |       |       |       ||     5
       Whip              |    48 |    85 |       |       ||   133
       Staff             |       |       |    77 |    79 ||   156
Throw: Dart              |    33 |    37 |    40 |    23 ||   133
 Cast: Flame Tongue      |    50 |    88 |   189 |   260 ||   587
       Throw Flame       |       |    16 |    33 |    62 ||   111
       Conjure Flame     |       |       |     6 |     8 ||    14
  Use: Scroll            |     1 |     5 |     7 |     1 ||    14
       Potion            |       |       |     7 |     1 ||     8
 Stab: Distracted        |     1 |       |       |       ||     1
       Sleeping          |     4 |     2 |     6 |     3 ||    15
  Eat: Ration            |       |       |     2 |     2 ||     4
Armor: Robe              |     6 |     9 |    14 |     8 ||    37
Dodge: Dodged            |    71 |   122 |   247 |   164 ||   604
